 Dungeon Crawl Stone Soup version 0.29-a0-575-g0dc89cf053 (webtiles) character file.

Game seed: 9047187849927953322

7 spaghetti the Chiller (level 2, -1/26 HPs)
             Began as a Gnoll Wanderer on June 12, 2022.
             Frozen to death by an endoplasm (2 damage)
             ... on level 1 of the Dungeon.
             The game lasted 00:00:20 (113 turns).

spaghetti the Chiller (Gnoll Wanderer)               Turns: 113, Time: 00:00:21

Health: -1/26      AC:  2    Str: 10    XL:     2   Next: 0%
Magic:  5/5        EV: 11    Int: 11    God:
Gold:   8          SH:  0    Dex: 12    Spells: 5/6 levels left

rFire   . . .      SeeInvis .   a - +1 spear {polearm}
rCold   . . .      Faith    .   (no shield)
rNeg    . . .      Spirit   .   c - +0 robe
rPois   .          Reflect  .   (no helmet)
rElec   .          Harm     .   (no cloak)
rCorr   .          Rampage  .   (no gloves)
Will    .....                   (no boots)
Stlth   +.........              (no amulet)
HPRegen 0.08/turn               (no ring)
MPRegen 0.09/turn               (no ring)

@: no status effects
A: fangs 1, strong nose, distributed training
a: no special abilities


You were on level 1 of the Dungeon.
You visited 1 branch of the dungeon, and saw 1 of its levels.

You collected 8 gold pieces.


Innate Abilities, Weirdness & Mutations

You have very sharp teeth.
Your uncanny sense of smell can sniff out nearby items.
Your experience applies equally to all skills.


   Skills:
 + Level 4.4 Fighting
 + Level 0.2 Short Blades
 + Level 0.2 Long Blades
 + Level 0.2 Axes
 + Level 0.2 Maces & Flails
 + Level 2.4 Polearms
 + Level 0.2 Staves
 + Level 0.2 Slings
 + Level 0.2 Bows
 + Level 0.2 Crossbows
 + Level 2.4 Throwing
 + Level 2.4 Armour
 + Level 0.2 Dodging
 + Level 0.2 Stealth
 + Level 0.2 Shields
 + Level 0.2 Unarmed Combat
 + Level 2.6 Spellcasting
 + Level 0.1 Conjurations
 + Level 0.1 Hexes
 + Level 0.1 Summonings
 + Level 0.1 Necromancy
 + Level 0.1 Translocations
 + Level 0.1 Transmutations
 + Level 0.1 Fire Magic
 + Level 5.3 Ice Magic
 + Level 0.1 Air Magic
 + Level 0.1 Earth Magic
 + Level 0.1 Poison Magic
 + Level 0.3 Invocations
 + Level 2.4 Evocations


You had 5 spell levels left.
You knew the following spells:

 Your Spells              Type           Power      Damage    Failure   Level
a - Freeze                Ice            52%        1d7       3%          1

Your spell library contained the following spells:

 Spells                   Type           Power      Damage    Failure   Level
 Ensorcelled Hibernation  Hex/Ice        14%        N/A       13%         2
 Summon Ice Beast         Ice/Summ       7%         N/A       65%         4

Inventory:

Hand Weapons
 a - a +1 spear (weapon) {polearm}
Missiles
 e - 41 stones {throwing}
Armour
 c - a +0 robe (worn)
Potions
 b - a potion of lignification {!q}
 d - a potion of haste {unknown}

Dungeon Overview and Level Annotations

Branches:
Dungeon (1/15)

Altars:

###### ###...# #
#.#.# # #.#.###
#.....#∆ ###.#.#
#.#.# #.#.#
#.#.####+###?
#...J@......#
.......g.....>.#
#...............#
#..............##
#..............#
...............#
..........##.###
........## .#


You could see an endoplasm and a goblin.


Message History

An endoplasm is nearby!
You reach to attack!
The helpless endoplasm fails to defend itself.
You hit the endoplasm.
You kill the endoplasm!
No target in view!
No target in view!
No target in view!
No target in view!
No target in view!
No target in view!
No target in view!
No target in view!
No target in view!
A quokka comes into view.
The quokka twitches its whiskers.
A quokka is nearby!
A quokka is nearby!
You hit the quokka. The quokka misses you.
You hit the quokka.
You kill the quokka!
No target in view!
No target in view!
No target in view!
No target in view!
No target in view!
No target in view!
A goblin and an endoplasm come into view.
The goblin shouts!
You hear a shout!
A hobgoblin comes into view.
There are monsters nearby!
There are monsters nearby!
A hobgoblin comes into view.
Found an escape hatch in the floor.
The hobgoblin shouts!
The endoplasm quivers.
You hit the hobgoblin. The hobgoblin closely misses you.
You closely miss the hobgoblin. The hobgoblin hits you.
The goblin hits you with a +0 dagger. 😕 HP[-3]
You take 3 damage, and now have 17/20 hp.
You are too injured to fight recklessly!
You are too injured to fight recklessly!
You are too injured to fight recklessly!
You are too injured to fight recklessly!
You are too injured to fight recklessly!
You are too injured to fight recklessly!
You are too injured to fight recklessly!
You are too injured to fight recklessly!
You are too injured to fight recklessly!
You are too injured to fight recklessly!
You are too injured to fight recklessly!
You are too injured to fight recklessly!
You are too injured to fight recklessly!
You are too injured to fight recklessly!
Unknown command.
You hit the hobgoblin.
You kill the hobgoblin!
The hobgoblin barely misses you. The goblin barely misses you.
The hobgoblin closely misses you. The goblin barely misses you.
You see here a hobgoblin corpse.
You barely miss the hobgoblin.
The hobgoblin hits you but does no damage.
The endoplasm freezes you.
You are frozen.
The goblin hits you with a +0 dagger. 😮 HP[-4]
You take 4 damage, and now have 13/20 hp.
You barely miss the hobgoblin. The hobgoblin closely misses you.
The endoplasm hits you. The goblin hits you with a +0 dagger.
* * * LOW HITPOINT WARNING * * *
😨 HP[-3]
You take 3 damage, and now have 10/20 hp.
Unknown command.
You barely miss the hobgoblin. The hobgoblin hits you.
* * * LOW HITPOINT WARNING * * *
The endoplasm hits you.
* * * LOW HITPOINT WARNING * * *
The goblin hits you with a +0 dagger.
* * * LOW HITPOINT WARNING * * *
😱 HP[-7]
You take 7 damage, and now have 3/20 hp.
MASSIVE DAMAGE!! (PAUSE) Unknown command.
You hit the hobgoblin.
You kill the hobgoblin!
The goblin closely misses you. The endoplasm barely misses you.
You have reached level 2! 😱 HP[+1] MP[+1]
You now have 26 max hp (+6).
Your mp is fully restored (5).
You closely miss the goblin. The goblin hits you with a +0 dagger.
* * * LOW HITPOINT WARNING * * *
The endoplasm barely misses you. 😱 HP[-3]
You take 3 damage, and now have 1/26 hp.
Unknown command.
You barely miss the goblin. Your bite misses the goblin.
The goblin closely misses you. The endoplasm freezes you.
You are frozen.
You die...

Action                   || total
-------------------------++-------
Melee: Spear             ||    15
       Bite              ||     1
 Stab: Sleeping          ||     1
Armor: Robe              ||     1
Dodge: Dodged            ||    12

Levels and vault maps discovered:
D:1:      dpeg_arrival_line_fractal, layout_basic, ebering_ecumenical_altar_box,
          minmay_door_square

Notes
Turn   | Place    | Note
-------+----------+-------------------------------------------
     0 | D:1      | spaghetti the Gnoll Wanderer began the quest for the Orb.
     0 | D:1      | spaghetti set off with the following items: a +1 spear
                  | {polearm}, a potion of lignification {!q}, a +0 robe; and
                  | the following spell memorised: Freeze; and the following
                  | spells available to memorise: Ensorcelled Hibernation,
                  | Summon Ice Beast
     0 | D:1      | Reached XP level 1. HP: 20/20 MP: 4/4
     0 | D:1      | magus.rc [v1.9.6]
   110 | D:1      | HP: 3/20 [goblin/+0 dagger (4)]
   112 | D:1      | Reached XP level 2. HP: 4/26 MP: 5/5
   112 | D:1      | HP: 1/26 [goblin/+0 dagger (3)]
   113 | D:1      | Frozen to death by an endoplasm

Vanquished Creatures
  2 endoplasms (D:1)
  2 hobgoblins (D:1)
  A quokka (D:1)
5 creatures vanquished.

Table legend:
 A = Non-vault XP
 B = Vault XP
 C = Vault XP percentage of total XP
 D = Non-vault monster count
 E = Vault monster count
 F = Vault count percentage of total count
                 A         B        C        D         E       F
            +---------+---------+-------+---------+---------+-------
      Total |      10 |       0 |   0.0 |       5 |       0 |   0.0
            +---------+---------+-------+---------+---------+-------
        D:1 |      10 |       0 |   0.0 |       5 |       0 |   0.0
            +---------+---------+-------+---------+---------+-------

Illustrated notes

Table legend:
 A = Kills in this place as a percentage of kills in entire the game.
 B = Kills by you in this place as a percentage of kills by you in the entire game.
 C = Kills by friends in this place as a percentage of kills by friends in the entire game.
 D = Other kills in this place as a percentage of other kills in the entire game.
 E = Experience gained in this place as a percentage of experience gained in the entire game.
 F = Experience gained in this place divided by the number of levels of this place that you have seen.
                   A       B       C       D       E      F
               +-------+-------+-------+-------+-------+----------------------
         Total | 100.0 | 100.0 |   N/A |   N/A | 100.0 |  10.0
       Dungeon | 100.0 | 100.0 |   N/A |   N/A | 100.0 |  10.0
               +-------+-------+-------+-------+-------+----------------------

Table legend: (Time is in decaauts)
 A = Elapsed time spent in this place.
 B = Non-inter-level travel time spent in this place.
 C = Inter-level travel time spent in this place.
 D = Time resting spent in this place.
 E = Time spent auto-exploring this place.
 F = Levels seen in this place.
 G = Mean time per level.
                   A        B        C        D        E       F      G
               +--------+--------+--------+--------+--------+-----+--------+
         Total |    112 |    112 |      0 |      0 |     89 |   1 |  112.0 |
       Dungeon |    112 |    112 |      0 |      0 |     89 |   1 |  112.0 |
               +--------+--------+--------+--------+--------+-----+--------+

Top non-repeatable levels by time:
     D:1: 112 daAuts
